TOP OF THE 1ST |
West Virginia Power batting - Pitching for Greensboro Grasshoppers : LHP Melvin Castro
|
Pitching: LHP Melvin Castro
|
|
Batting: RHB Melvin Durland
|
0-0: Fly out, F4 (Popup, 34S, EV 80.0 MPH)
|
Batting: RHB Chris McCoy
|
0-0: Called Strike 0-1: Ball 1-1: Ball 2-1: SINGLE (Groundball, 34S, EV 73.8 MPH) (infield hit)
|
Batting: RHB Alain Marquet
|
0-0: Ball 1-0: Ball 2-0: Ground out 4-3 (Groundball, 13, EV 93.1 MPH) Chris McCoy to second
|
Batting: RHB Dave Fredericks
|
0-0: Ground out 6-3 (Groundball, 56, EV 98.1 MPH)
|
Top of the 1st over - 0 runs, 1 hit, 0 errors, 1 left on base; West Virginia 0 - Greensboro 0 |
BOTTOM OF THE 1ST |
Greensboro Grasshoppers batting - Pitching for West Virginia Power : RHP Kyle Davis
|
Pitching: RHP Kyle Davis
|
|
Batting: RHB Harrie de Kam
|
0-0: Called Strike 0-1: Foul Ball, location: 2F 0-2: Strikes out looking
|
Batting: RHB Rafael Irizarry
|
0-0: Ball 1-0: Ground out 4-3 (Groundball, 4D, EV 103.8 MPH)
|
Batting: RHB Nate Crofts
|
0-0: Foul Ball, location: 2F 0-1: Foul Ball, location: 2F 0-2: Ball 1-2: Strikes out looking
|
Bottom of the 1st over - 0 runs, 0 hits, 0 errors, 0 left on base; West Virginia 0 - Greensboro 0 |
TOP OF THE 2ND |
West Virginia Power batting - Pitching for Greensboro Grasshoppers : LHP Melvin Castro
|
Batting: RHB Terrence Wilson
|
0-0: Ball 1-0: Ground out 6-3 (Groundball, 6, EV 80.6 MPH)
|
Batting: LHB Tomohiro Yokoyama
|
0-0: Foul Ball, location: 2F 0-1: Foul Ball, location: 2F 0-2: Ball 1-2: Fly out, F9 (Flyball, 9D, EV 100.6 MPH)
|
Batting: LHB Donald Imre
|
0-0: Ball 1-0: Foul Ball, location: 2F 1-1: Ball 2-1: SINGLE (Flyball, 5D, EV 91.2 MPH)
|
Batting: RHB John Goynes
|
0-0: Called Strike 0-1: Fly out, F7 (Line Drive, 78D, EV 91.2 MPH)
|
Top of the 2nd over - 0 runs, 1 hit, 0 errors, 1 left on base; West Virginia 0 - Greensboro 0 |
BOTTOM OF THE 2ND |
Greensboro Grasshoppers batting - Pitching for West Virginia Power : RHP Kyle Davis
|
Batting: LHB Ryan Karg
|
0-0: Called Strike 0-1: Swinging Strike 0-2: Foul Ball, location: 2F 0-2: Ball 1-2: Ball 2-2: Ground out 1-3 (Groundball, 13S, EV 65.6 MPH)
|
Batting: LHB Angelo Estrella
|
0-0: Foul Ball, location: 2F 0-1: Swinging Strike 0-2: Strikes out looking
|
Batting: LHB Justin Blakely
|
0-0: Called Strike 0-1: Ground out 4-3 (Groundball, 4, EV 80.6 MPH)
|
Bottom of the 2nd over - 0 runs, 0 hits, 0 errors, 0 left on base; West Virginia 0 - Greensboro 0 |
TOP OF THE 3RD |
West Virginia Power batting - Pitching for Greensboro Grasshoppers : LHP Melvin Castro
|
Batting: LHB Brandon Sarni
|
0-0: Fly out, F9 (Flyball, 9, EV 92.5 MPH)
|
Batting: RHB Melvin Durland
|
0-0: Ball 1-0: Fly out, F3 (Popup, 3SF, EV 78.8 MPH)
|
Batting: RHB Chris McCoy
|
0-0: Ball 1-0: Foul Ball, location: 2F 1-1: Ball 2-1: Ground out 5-3 (Groundball, 15, EV 76.2 MPH)
|
Top of the 3rd over - 0 runs, 0 hits, 0 errors, 0 left on base; West Virginia 0 - Greensboro 0 |
BOTTOM OF THE 3RD |
Greensboro Grasshoppers batting - Pitching for West Virginia Power : RHP Kyle Davis
|
Batting: LHB Ryan Thompson
|
0-0: Ball 1-0: SINGLE (Groundball, 34D, EV 96.2 MPH)
|
Batting: RHB Dennis Coppolino
|
0-0: Ball 1-0: SINGLE (Line Drive, 6MD, EV 94.4 MPH) Ryan Thompson to second
|
Batting: RHB Nick Dunton
|
0-0: Called Strike 0-1: Ball Wild Pitch! Ryan Thompson to third Dennis Coppolino to second 1-1: Foul Ball, location: 2F 1-2: Foul Ball, location: 2F 1-2: SINGLE (Groundball, 5S, EV 67.5 MPH) (infield hit) Ryan Thompson scores Dennis Coppolino to third
|
Batting: RHB Harrie de Kam
|
0-0: Ball 1-0: Ball 2-0: Called Strike 2-1: SINGLE (Groundball, 6D, EV 96.2 MPH) Dennis Coppolino scores Nick Dunton to second
|
Batting: RHB Rafael Irizarry
|
0-0: Ball 1-0: Ball 2-0: Foul Ball, location: 2F 2-1: SINGLE (Line Drive, 7S, EV 107.5 MPH) Nick Dunton to third Harrie de Kam to second
|
Batting: RHB Nate Crofts
|
0-0: Called Strike 0-1: Ball 1-1: Called Strike 1-2: Strikes out swinging
|
Batting: LHB Ryan Karg
|
0-0: Foul Ball, location: 2F 0-1: Ball 1-1: Fly out, F9 (Flyball, 9D, EV 101.2 MPH) Runner from 3rd tags up, SCORES, throw by RF Harrie de Kam to third
|
Batting: LHB Angelo Estrella
|
0-0: Ball 1-0: Swinging Strike 1-1: Ball Rafael Irizarry steals 2nd base (no throw) 2-1: Ball 3-1: Base on Balls
|
Batting: LHB Justin Blakely
|
0-0: Ball 1-0: Called Strike 1-1: Called Strike 1-2: Ground out 1-3 (Groundball, 25, EV 70.0 MPH)
|
Bottom of the 3rd over - 3 runs, 5 hits, 0 errors, 3 left on base; West Virginia 0 - Greensboro 3 |
TOP OF THE 4TH |
West Virginia Power batting - Pitching for Greensboro Grasshoppers : LHP Melvin Castro
|
Batting: RHB Alain Marquet
|
0-0: Ball 1-0: Foul Ball, location: 2F 1-1: Ball 2-1: Called Strike 2-2: Ball 3-2: SOLO HOME RUN (Flyball, 78XD, EV 109.4 MPH), Distance : 407 ft
|
Batting: RHB Dave Fredericks
|
0-0: Ground out 5-3 (Groundball, 56, EV 90.6 MPH)
|
Batting: RHB Terrence Wilson
|
0-0: Ball 1-0: Called Strike 1-1: SINGLE (Groundball, 4M, EV 97.5 MPH)
|
Batting: LHB Tomohiro Yokoyama
|
0-0: Ball 1-0: Ball Terrence Wilson steals 2nd, throwing error, E2 Terrence Wilson to third 2-0: Called Strike 2-1: Called Strike 2-2: SINGLE (Groundball, 34D, EV 100.6 MPH) Terrence Wilson scores
|
Batting: LHB Donald Imre
|
0-0: Ball 1-0: Foul Ball, location: 2F 1-1: SINGLE (Line Drive, 8RS, EV 93.1 MPH) Tomohiro Yokoyama to second
|
Batting: RHB John Goynes
|
0-0: Ball 1-0: Foul Ball, location: 2F 1-1: Foul Ball, location: 2F 1-2: Ball 2-2: Ball 3-2: Foul Ball, location: 2F 3-2: Strikes out swinging
|
Batting: LHB Brandon Sarni
|
0-0: Foul Ball, location: 2F 0-1: Foul Ball, location: 2F 0-2: Ball Wild Pitch! Tomohiro Yokoyama to third Donald Imre to second 1-2: Foul Ball, location: 2F 1-2: Ball 2-2: Ground out U3 (Groundball, 34, EV 104.4 MPH)
|
Top of the 4th over - 2 runs, 4 hits, 1 error, 2 left on base; West Virginia 2 - Greensboro 3 |
BOTTOM OF THE 4TH |
Greensboro Grasshoppers batting - Pitching for West Virginia Power : RHP Kyle Davis
|
Batting: LHB Ryan Thompson
|
0-0: Ball 1-0: Called Strike 1-1: DOUBLE (Line Drive, 3D, EV 98.8 MPH)
|
Batting: RHB Dennis Coppolino
|
0-0: Foul Ball, location: 2F 0-1: Ball 1-1: Fly out, F9 (Flyball, 9, EV 86.2 MPH)
|
Batting: RHB Nick Dunton
|
0-0: Ball 1-0: Ball 2-0: Called Strike 2-1: Swinging Strike 2-2: Ground out 5-3 (Groundball, 5S, EV 89.4 MPH)
|
Batting: RHB Harrie de Kam
|
0-0: Ball 1-0: Ground out 6-3 (Groundball, 6, EV 91.9 MPH)
|
Bottom of the 4th over - 0 runs, 1 hit, 0 errors, 1 left on base; West Virginia 2 - Greensboro 3 |
TOP OF THE 5TH |
West Virginia Power batting - Pitching for Greensboro Grasshoppers : LHP Melvin Castro
|
Batting: RHB Melvin Durland
|
0-0: Ball 1-0: Foul Ball, location: 2F 1-1: Ball 2-1: SINGLE (Groundball, 4MD, EV 96.2 MPH)
|
Batting: RHB Chris McCoy
|
0-0: DOUBLE (Line Drive, 3D, EV 108.1 MPH) Melvin Durland to third Runner from 3rd tries for Home, throw by RF and OUT! 9-4-2
|
Batting: RHB Alain Marquet
|
0-0: Called Strike 0-1: Ball 1-1: Ball 2-1: 2-RUN HOME RUN (Flyball, 78XD, EV 101.2 MPH), Distance : 412 ft
|
Batting: RHB Dave Fredericks
|
0-0: Foul Ball, location: 2F 0-1: Foul Ball, location: 2F 0-2: Ball 1-2: Ball 2-2: Strikes out swinging
|
Batting: RHB Terrence Wilson
|
0-0: Ball 1-0: Foul Ball, location: 2F 1-1: Called Strike 1-2: Strikes out swinging
|
Top of the 5th over - 2 runs, 3 hits, 0 errors, 0 left on base; West Virginia 4 - Greensboro 3 |
BOTTOM OF THE 5TH |
Greensboro Grasshoppers batting - Pitching for West Virginia Power : RHP Kyle Davis
|
Batting: RHB Rafael Irizarry
|
0-0: Ground out 6-3 (Groundball, 6, EV 102.5 MPH)
|
Batting: RHB Nate Crofts
|
0-0: Fly out, F8 (Line Drive, 78M, EV 98.1 MPH)
|
Batting: LHB Ryan Karg
|
0-0: Ball 1-0: Ball 2-0: Ball 3-0: Base on Balls
|
Batting: LHB Angelo Estrella
|
0-0: Ball 1-0: Swinging Strike 1-1: Ball 2-1: Swinging Strike 2-2: Strikes out swinging
|
Bottom of the 5th over - 0 runs, 0 hits, 0 errors, 1 left on base; West Virginia 4 - Greensboro 3 |
TOP OF THE 6TH |
West Virginia Power batting - Pitching for Greensboro Grasshoppers : LHP Melvin Castro
|
Batting: LHB Tomohiro Yokoyama
|
0-0: Foul Ball, location: 2F 0-1: Swinging Strike 0-2: Ball 1-2: Strikes out swinging
|
Batting: LHB Donald Imre
|
0-0: Ball 1-0: Ball 2-0: Swinging Strike 2-1: Swinging Strike 2-2: Foul Ball, location: 2F 2-2: Foul Ball, location: 2F 2-2: Ball 3-2: Foul Ball, location: 2F 3-2: Strikes out swinging
|
Batting: RHB John Goynes
|
0-0: Called Strike 0-1: Called Strike 0-2: Foul Ball, location: 2F 0-2: Ball 1-2: Ball 2-2: Ground out 5-3 (Groundball, 5S, EV 75.6 MPH)
|
Top of the 6th over - 0 runs, 0 hits, 0 errors, 0 left on base; West Virginia 4 - Greensboro 3 |
BOTTOM OF THE 6TH |
Greensboro Grasshoppers batting - Pitching for West Virginia Power : RHP Kyle Davis
|
Batting: LHB Justin Blakely
|
0-0: Fly out, F9 (Line Drive, 9, EV 94.4 MPH)
|
Batting: LHB Ryan Thompson
|
0-0: Called Strike 0-1: Swinging Strike 0-2: Fly out, F7 (Flyball, 7S, EV 83.8 MPH)
|
Batting: RHB Dennis Coppolino
|
0-0: Called Strike 0-1: Ball 1-1: Ball 2-1: Ball 3-1: Ground out 5-3 (Groundball, 56S, EV 85.6 MPH)
|
Bottom of the 6th over - 0 runs, 0 hits, 0 errors, 0 left on base; West Virginia 4 - Greensboro 3 |
TOP OF THE 7TH |
West Virginia Power batting - Pitching for Greensboro Grasshoppers : LHP Melvin Castro
|
Batting: LHB Brandon Sarni
|
0-0: Ball 1-0: Called Strike 1-1: Foul Ball, location: 2F 1-2: Strikes out swinging
|
Pitching: RHP Joe Lynn
|
|
Batting: RHB Melvin Durland
|
0-0: Ball 1-0: Ball 2-0: Called Strike 2-1: TRIPLE (Flyball, 89XD, EV 108.1 MPH)
|
Batting: RHB Chris McCoy
|
0-0: Ball 1-0: Foul Ball, location: 2F 1-1: Foul Ball, location: 2F 1-2: Ball 2-2: Ground out 5-3 (Groundball, 56S, EV 89.4 MPH)
|
Batting: RHB Alain Marquet
|
0-0: Foul Ball, location: 2F 0-1: Ball Wild Pitch! Melvin Durland scores 1-1: Swinging Strike 1-2: Foul Ball, location: 2F 1-2: Ball 2-2: Strikes out swinging
|
Top of the 7th over - 1 run, 1 hit, 0 errors, 0 left on base; West Virginia 5 - Greensboro 3 |
BOTTOM OF THE 7TH |
Greensboro Grasshoppers batting - Pitching for West Virginia Power : RHP Kyle Davis
|
Batting: RHB Nick Dunton
|
0-0: Swinging Strike 0-1: Foul Ball, location: 2F 0-2: Foul Ball, location: 2F 0-2: Foul Ball, location: 2F 0-2: Strikes out looking
|
Pitching: RHP James Cornette
|
|
Batting: RHB Harrie de Kam
|
0-0: Ball 1-0: Called Strike 1-1: Ball 2-1: Ball 3-1: Foul Ball, location: 2F 3-2: Ground out U3 (Groundball, 34S, EV 89.4 MPH)
|
Batting: RHB Rafael Irizarry
|
0-0: Ball 1-0: Called Strike 1-1: Foul Ball, location: 2F 1-2: Ball 2-2: Ball 3-2: Strikes out swinging passed ball, reaches first!
|
Batting: RHB Nate Crofts
|
0-0: Called Strike Rafael Irizarry steals 2nd base 0-1: Foul Ball, location: 2F 0-2: Foul Ball, location: 2F 0-2: Ball 1-2: SINGLE (Groundball, 4MD, EV 100.0 MPH) Rafael Irizarry to third Runner from 3rd tries for Home, SAFE, throw by CF to home
|
Batting: LHB Ryan Karg
|
0-0: Fly out, F8 (Flyball, 8LD, EV 100.0 MPH)
|
Bottom of the 7th over - 1 run, 1 hit, 0 errors, 1 left on base; West Virginia 5 - Greensboro 4 |
TOP OF THE 8TH |
West Virginia Power batting - Pitching for Greensboro Grasshoppers : RHP Joe Lynn
|
Pitching: RHP Mike Yorke
|
|
Batting: RHB Dave Fredericks
|
0-0: Ball 1-0: Called Strike 1-1: Ball 2-1: Swinging Strike 2-2: Ball 3-2: Strikes out swinging
|
Batting: RHB Terrence Wilson
|
0-0: Ball 1-0: Foul Ball, location: 2F 1-1: Called Strike 1-2: Ball 2-2: Ground out 3-1 (Groundball, 34S, EV 87.5 MPH)
|
Batting: LHB Tomohiro Yokoyama
|
0-0: Foul Ball, location: 2F 0-1: Foul Ball, location: 2F 0-2: Ball 1-2: Ball 2-2: Ball 3-2: Base on Balls
|
Batting: LHB Donald Imre
|
0-0: Foul Ball, location: 2F 0-1: Ball 1-1: Foul Ball, location: 2F 1-2: Foul Ball, location: 2F 1-2: Ball 2-2: Strikes out swinging
|
Top of the 8th over - 0 runs, 0 hits, 0 errors, 1 left on base; West Virginia 5 - Greensboro 4 |
BOTTOM OF THE 8TH |
Greensboro Grasshoppers batting - Pitching for West Virginia Power : RHP James Cornette
|
Batting: LHB Angelo Estrella
|
0-0: Swinging Strike 0-1: Foul Ball, location: 2F 0-2: Ball 1-2: Ball 2-2: Ball 3-2: Strikes out swinging
|
Batting: LHB Justin Blakely
|
0-0: Called Strike 0-1: Called Strike 0-2: Foul Ball, location: 2F 0-2: Ball 1-2: Ground out 4-3 (Groundball, 4S, EV 68.8 MPH)
|
Batting: LHB Ryan Thompson
|
0-0: Ball 1-0: Ball 2-0: Foul Ball, location: 2F 2-1: Foul Ball, location: 2F 2-2: Ball 3-2: Strikes out swinging
|
Bottom of the 8th over - 0 runs, 0 hits, 0 errors, 0 left on base; West Virginia 5 - Greensboro 4 |
TOP OF THE 9TH |
West Virginia Power batting - Pitching for Greensboro Grasshoppers : RHP Mike Yorke
|
Pitching: RHP Dan Durand
|
|
Batting: RHB John Goynes
|
0-0: Called Strike 0-1: Ball 1-1: Ball 2-1: SINGLE (Line Drive, 6MD, EV 99.4 MPH)
|
Batting: LHB Brandon Sarni
|
0-0: Called Strike 0-1: Foul Ball, location: 2F 0-2: Foul Ball, location: 2F 0-2: Ball Passed Ball! John Goynes to second 1-2: Ground out 6-3 (Groundball, 6MD, EV 98.8 MPH) John Goynes to third
|
Batting: RHB Melvin Durland
|
0-0: Ball 1-0: Swinging Strike 1-1: Ball 2-1: Ball 3-1: Swinging Strike 3-2: Ground out 5-3 (Groundball, 56S, EV 80.6 MPH)
|
Batting: RHB Chris McCoy
|
0-0: Ball 1-0: Foul Ball, location: 2F 1-1: SINGLE (Line Drive, 4M, EV 98.8 MPH) John Goynes scores
|
Pitching: RHP Bill Padgett
|
|
Batting: RHB Alain Marquet
|
0-0: Called Strike Chris McCoy is caught stealing 2nd base 2-4
|
Top of the 9th over - 1 run, 2 hits, 0 errors, 0 left on base; West Virginia 6 - Greensboro 4 |
BOTTOM OF THE 9TH |
Greensboro Grasshoppers batting - Pitching for West Virginia Power : RHP James Cornette
|
Pitching: LHP Grady Hebert
|
|
Now in RF: Tom Tate
|
|
Batting: RHB Dennis Coppolino
|
0-0: Foul Ball, location: 2F 0-1: Ball 1-1: Ball 2-1: Ball 3-1: Called Strike 3-2: Ground out 5-3 (Groundball, 56, EV 84.4 MPH)
|
Batting: RHB Nick Dunton
|
0-0: Ball 1-0: Called Strike 1-1: Foul Ball, location: 2F 1-2: Strikes out swinging
|
Batting: RHB Harrie de Kam
|
0-0: Swinging Strike 0-1: Ball 1-1: Swinging Strike 1-2: Ball 2-2: Foul Ball, location: 2F 2-2: Strikes out swinging
|
Bottom of the 9th over - 0 runs, 0 hits, 0 errors, 0 left on base; West Virginia 6 - Greensboro 4 |
|